 Dungeon Crawl Stone Soup version 0.19.3-4-gbf9329e (webtiles) character file.

78 ponk the Cudgeler (level 4, -1/44 HPs)
             Began as a Troll Monk on Jan 27, 2017.
             Slain by Robin
             ... wielding a +0 mace
              (4 damage)
             ... on level 3 of the Dungeon.
             The game lasted 00:03:10 (1616 turns).

ponk the Cudgeler (Troll Monk)                      Turns: 1616, Time: 00:03:11

Health: -1/44      AC:  5    Str: 19    XL:     4   Next: 15%
Magic:  3/3        EV: 10    Int:  6    God:
Gold:   53         SH:  0    Dex: 13    Spells: 0 memorised, 3 levels left

rFire  . . .     SeeInvis .     a - +0 mace
rCold  . . .     Gourm    +     b - +0 robe
rNeg   . . .     Faith    .     (no shield)
rPois  .         Spirit   .     (helmet restricted)
rElec  .         Reflect  .     (no cloak)
rCorr  .         Harm     .     (gloves unavailable)
MR     .....                    (boots unavailable)
Stlth  ++........               (no amulet)
                                (no ring)
                                (no ring)

@: lethally poisoned (-1 -> -2)
A: unfitting armour, claws 3, fast metabolism 3, gourmand, regeneration 1,
shaggy fur 1, tough skin 2
a: no special abilities


You were on level 3 of the Dungeon.
You were very full.

You visited 1 branch of the dungeon, and saw 3 of its levels.

You collected 53 gold pieces.

Inventory:

Hand Weapons
 a - a +0 mace (weapon)
Missiles
 g - 30 poisoned needles
Armour
 b - a +0 robe (worn)
Scrolls
 h - 2 scrolls of identify {unknown}
 i - 2 scrolls of remove curse {unknown}
 j - 2 scrolls of random uselessness {unknown}
Potions
 e - 2 potions of beneficial mutation {unknown}
 l - a potion of curing {unknown}
 m - a potion of flight {unknown}
Comestibles
 c - 3 bread rations
 d - 2 meat rations
 f - a beef jerky
 k - a royal jelly
 n - 5 chunks of flesh


   Skills:
 - Level 2.4 Fighting
 + Level 4.5 Maces & Flails
 - Level 2.4 Dodging
 - Level 1.0 Stealth


You had 3 spell levels left.
You didn't know any spells.

Dungeon Overview and Level Annotations

Branches:
Dungeon (3/15)

Altars:

Annotations:
D:3 Robin


Innate Abilities, Weirdness & Mutations

You are too large for most types of armour.
You have claws for hands.
Your metabolism is lightning-fast.
You like to eat raw meat.
Your natural rate of healing is unusually fast.
You are covered in fur. (AC +1)
You have very tough skin. (AC +2)


Message History

The goblin no longer looks unusually strong.
The goblin hits you but does no damage.
Robin roars a battlecry!
The goblins go into a battle-frenzy!
The goblin closely misses you. The goblin barely misses you.
Robin barely misses you.
You hit Robin.
Robin is heavily wounded.
The goblin no longer looks unusually strong.
The goblin hits you but does no damage. The goblin hits you.
* * * LOW HITPOINT WARNING * * *
You hit Robin but do no damage.
Robin is heavily wounded.
The goblin hits you but does no damage. The goblin closely misses you.
Robin hits you but does no damage.
You barely miss Robin.
Robin is heavily wounded.
The goblin closely misses you. The goblin hits you but does no damage.
Robin hits you with a mace.
You die...

#.# #.# #<# #.# #.#
## ### #.# #.
##.###.## #<
#######.#.#...## #.
#g@g...###.....###.
#g#####.#..........
#g# ##.###.######
#.# ### #.# #.# #.#
#.# #+# ..) #..
#..#


You could see Robin and 3 goblins.

Vanquished Creatures
  An adder (D:2)
  3 worms (D:2)
  A dart slug (D:1)
  2 leopard geckos
  A giant cockroach (D:2)
  18 hobgoblins
  3 jackals (D:3)
  5 kobolds
  A bat (D:1)
  3 frilled lizards
  7 goblins
  7 rats
52 creatures vanquished.

Notes
Turn   | Place    | Note
-------+----------+-------------------------------------------
     0 | D:1      | ponk the Troll Monk began the quest for the Orb.
     0 | D:1      | Reached XP level 1. HP: 22/22 MP: 0/0
    66 | D:1      | Reached skill level 3 in Maces & Flails
    77 | D:1      | Reached XP level 2. HP: 29/29 MP: 1/1
   899 | D:2      | Reached XP level 3. HP: 27/36 MP: 2/2
  1070 | D:2      | Reached skill level 4 in Maces & Flails
  1581 | D:3      | Noticed Robin
  1588 | D:3      | Reached XP level 4. HP: 44/44 MP: 3/3
  1612 | D:3      | HP: 2/44 [Robin/mace (7)]
  1616 | D:3      | Slain by Robin

Skill      XL: |  1  2  3 |
---------------+----------+-----
Maces & Flails | 3 4 |  4.5
Fighting       | |  2.4
Dodging        | |  2.4
Stealth        | |  1.0

Action                   |  1- 3 |  4- 6 || total
-------------------------+-------+-------++-------
Melee: Mace              |   136 |    28 ||   164
 Stab: Sleeping          |     1 |       ||     1
  Eat: Chunk             |    20 |       ||    20
Armor: Robe              |    43 |    14 ||    57
Dodge: Dodged            |    76 |    27 ||   103
